 Dungeon Crawl Stone Soup version 0.32-a0-441-gaf4921d101 (webtiles) character file.

Game seed: 4750604150232995119

48 Essalna the Magician (level 3, -3/19 HPs)
             Began as a Deep Elf Fire Elementalist on Feb 23, 2024.
             Slain by an orc
             ... wielding a +0 hand axe
              (6 damage)
             ... on level 3 of the Dungeon.
             The game lasted 00:01:41 (1575 turns).

Essalna the Magician (Deep Elf Fire Elementalist)   Turns: 1575, Time: 00:01:41

Health: -3/19      AC:  2    Str:  5    XL:     3   Next: 50%
Magic:  4/10       EV: 12    Int: 21    God:
Gold:   69         SH:  0    Dex: 15    Spells: 9/10 levels left

rFire   . . .        (no weapon)
rCold   . . .        (no shield)
rNeg    . . .        a - +0 robe
rPois   .            (no helmet)
rElec   .            (no cloak)
rCorr   .            (no gloves)
SInv    .            (no boots)
Will    .....        (no amulet)
Stlth   ++           (no ring)
HPRegen 0.23/turn    (no ring)
MPRegen 0.12/turn

%: no passive effects
@: no status effects
A: no striking features
a: no special abilities


You were on level 3 of the Dungeon.
You visited 1 branch of the dungeon, and saw 3 of its levels.

You collected 69 gold pieces.

Inventory:

Missiles
 i - a throwing net
Armour
 a - a +0 robe (worn)
Scrolls
 e - a scroll of silence {unknown}
 f - a scroll of immolation {unknown}
 h - a scroll of amnesia {unknown}
 k - a scroll of enchant weapon {unknown}
 q - a scroll of identify {unknown}
 r - a scroll of enchant armour {unknown}
Potions
 b - a potion of magic
 c - a potion of cancellation {unknown}
 d - 2 potions of degeneration {unknown}
 g - a potion of resistance {unknown}
 j - 2 potions of heal wounds {unknown}
 l - a potion of brilliance {unknown}
 m - a potion of attraction {unknown}
 n - a potion of might {unknown}
 o - a potion of ambrosia {unknown}
 p - a potion of haste {unknown}


   Skills:
 - Level 2.4 Dodging
 - Level 2.4 Stealth
 + Level 4.0 Spellcasting
 + Level 2.3 Conjurations
 + Level 3.9 Fire Magic


You had 9 spell levels left.
You knew the following spells:

 Your Spells              Type           Power      Damage    Failure   Level
a - Foxfire               Conj/Fire      68%        2x1d7     3%          1

Your spell library contained the following spells:

 Spells                   Type           Power      Damage    Failure   Level
 Scorch                   Fire           40%        2d6       3%          2
 Sting                    Conj/Alch      36%        1d5       8%          1
 Summon Small Mammal      Summ           16%        N/A       12%         1
 Inner Flame              Hex/Fire       12%        N/A       16%         3
 Volatile Blastmotes      Fire/Tloc      24%        2d12      16%         3
 Mercury Vapours          Alch/Air       8%         N/A       19%         2
 Flame Wave               Conj/Fire      17%        2d7       32%         4
 Call Canine Familiar     Summ           4%         N/A       34%         3
 Ignite Poison            Fire/Alch      12%        N/A       47%         4
 Sticky Flame             Fire/Alch      12%        2d5       47%         4
 Summon Blazeheart Golem  Fire/Summ      12%        N/A       47%         4
 Olgreb's Toxic Radiance  Alch           4%         N/A       75%         4
 Ignition                 Fire           10%        3d5       100%        8


Dungeon Overview and Level Annotations

Branches:
Dungeon (3/15)

Altars:


Message History

You conjure some foxfire!
The orc hits you with a +0 mace.
Casting: Foxfire (safe; 3% risk of failure)
Confirm with . or Enter, or press ? or * to list all spells.
There is not enough space to conjure foxfire!
Casting: Foxfire (safe; 3% risk of failure)
Confirm with . or Enter, or press ? or * to list all spells.
There is not enough space to conjure foxfire!
The foxfire hits the bat.
The bat is severely wounded.
The bat hits you.
The foxfire hits the bat.
You kill the bat!
The orc barely misses you.
Casting: Foxfire (safe; 3% risk of failure)
Confirm with . or Enter, or press ? or * to list all spells.
You miscast Foxfire.
You are very lightly contaminated with residual magic.
Nothing appears to happen.
The orc closely misses you. The orc hits you with a +0 hand axe.
Casting: Foxfire (safe; 3% risk of failure)
Confirm with . or Enter, or press ? or * to list all spells.
You conjure some foxfire!
The orc closely misses you. The orc hits you with a +0 hand axe.
* * * LOW HITPOINT WARNING * * *
The orc closely misses your foxfire.
Casting: Foxfire (safe; 3% risk of failure)
Confirm with . or Enter, or press ? or * to list all spells.
You don't know that spell.
Your foxfire dissipates!
The foxfire hits the orc.
You kill the orc!
The orc attacks as it pursues you! The orc hits you but does no damage.
Your magical contamination has completely faded away.
Casting: Foxfire (safe; 3% risk of failure)
Confirm with . or Enter, or press ? or * to list all spells.
You conjure some foxfire!
The orc misses you.
The orc hits your foxfire with a +0 hand axe.
You closely miss the orc.
The foxfire hits the orc.
The orc is almost dead.
The orc hits you with a +0 hand axe.
You die...

############
#@o....)...#
#.####.†.)...# #.#
#.###.### #.# #..
# #.#
############# #.#
#...........
#.#####.#########.
#.......# #.
#.####### #<


You could see an orc.

Vanquished Creatures
  2 adders (D:2)
  A dart slug (D:1)
  2 orcs (D:3)
  6 ball pythons
  2 endoplasms
  4 hobgoblins
  2 jackals (D:2)
  A quokka (D:1)
  3 bats
  A frilled lizard (D:1)
  2 kobolds (D:1)
26 creatures vanquished.

Vanquished Creatures (collateral kills)
  3 foxfires (D:1)
3 creatures vanquished.

Vanquished Creatures (others)
  137 foxfires
137 creatures vanquished.

Grand Total: 166 creatures vanquished

Notes
Turn   | Place    | Note
-------+----------+-------------------------------------------
     0 | D:1      | Essalna the Deep Elf Fire Elementalist began the quest for
                  | the Orb.
     0 | D:1      | Reached XP level 1. HP: 10/10 MP: 6/6
   312 | D:1      | Reached XP level 2. HP: 15/15 MP: 4/8
  1008 | D:2      | Reached XP level 3. HP: 19/19 MP: 1/10
  1174 | D:2      | Reached skill level 4 in Spellcasting
  1575 | D:3      | Slain by an orc

Illustrated notes

Levels and vault maps discovered:
D:1:      erik_arrival_blinker_ship, layout_rooms, supply_closet_lemuel,
          dreamdust_princess_corridor
D:2:      layout_basic
D:3:      layout_basic

Skill      XL: |  1  2  3 |
---------------+----------+-----
Conjurations   | 2 |  2.3
Spellcasting   | 4 |  4.0
Dodging        | |  2.4
Stealth        | |  2.4
Fire Magic     | |  3.9

Action                     || total
---------------------------++-------
  Melee: Unarmed           ||     8
   Cast: Foxfire           ||    89
 Armour: Robe              ||     9
  Dodge: Dodged            ||    14

Table legend: (Time is in decaauts)
 A = Elapsed time spent in this place.
 B = Non-inter-level travel time spent in this place.
 C = Inter-level travel time spent in this place.
 D = Time resting spent in this place.
 E = Time spent auto-exploring this place.
 F = Levels seen in this place.
 G = Mean time per level.
                   A        B        C        D        E       F      G
               +--------+--------+--------+--------+--------+-----+--------+
         Total |   1574 |   1555 |     19 |      0 |   1375 |   3 |  524.7 |
       Dungeon |   1574 |   1555 |     19 |      0 |   1375 |   3 |  524.7 |
               +--------+--------+--------+--------+--------+-----+--------+

Top non-repeatable levels by time:
     D:1: 947 daAuts
     D:2: 576 daAuts
     D:3: 50 daAuts
